 Dungeon Crawl Stone Soup version 0.29-a0-338-g1ff7896281 (webtiles) character file.

Game seed: 1999956799773342197

477 thiscave3701365 the Chopper (level 7, -5/88 HPs)
             Began as a Gnoll Berserker on Apr 18, 2022.
             Was a Believer of Trog.
             Blown up by Pikel (16 damage)
             ... with a mindburst bolt
             ... on level 4 of the Dungeon.
             The game lasted 00:03:48 (3630 turns).

thiscave3701365 the Chopper (Gnoll Berserker)       Turns: 3630, Time: 00:03:50

Health: -5/88      AC:  9    Str: 18    XL:     7   Next: 11%
Magic:  10/10      EV:  4    Int:  6    God:    Trog [**....]
Gold:   302        SH: 11    Dex: 12    Spells: 10/10 levels left

rFire   . . .      SeeInvis .   a - +0 hand axe
rCold   . . .      Faith    .   q - +0 tower shield
rNeg    . . .      Spirit   .   r - +0 chain mail
rPois   .          Reflect  .   (no helmet)
rElec   .          Harm     .   (no cloak)
rCorr   .          Rampage  .   (no gloves)
Will    .....                   (no boots)
Stlth   ..........              (no amulet)
HPRegen 0.24/turn               (no ring)
MPRegen 0.12/turn               (no ring)

@: berserking, very quick
A: fangs 1, strong nose, distributed training
a: Renounce Religion, Berserk, Trog's Hand


You were on level 4 of the Dungeon.
You worshipped Trog.
Trog was pleased with you.
You visited 1 branch of the dungeon, and saw 4 of its levels.

You collected 302 gold pieces.

Inventory:

Hand Weapons
 a - a +0 hand axe (weapon)
Missiles
 e - a throwing net
Armour
 q - a +0 tower shield (worn)
 r - a +0 chain mail (worn)
Jewellery
 d - a ring of willpower
Scrolls
 g - 2 scrolls of teleportation {unknown}
 i - 7 scrolls of identify {unknown}
 k - a scroll of amnesia {unknown}
 l - 2 scrolls of fear {unknown}
 n - a scroll of immolation {unknown}
 o - a scroll of noise {unknown}
 p - a scroll of enchant armour {unknown}
Potions
 b - a potion of might {unknown}
 c - a potion of degeneration {unknown}
 f - 2 potions of attraction {unknown}
 h - a potion of curing {unknown}
 j - 2 potions of haste {unknown}
 m - a potion of resistance {unknown}


   Skills:
 + Level 6.9 Fighting
 + Level 2.2 Short Blades
 + Level 2.2 Long Blades
 + Level 6.9 Axes
 + Level 2.2 Maces & Flails
 + Level 2.2 Polearms
 + Level 2.2 Staves
 + Level 2.2 Slings
 + Level 2.2 Bows
 + Level 2.2 Crossbows
 + Level 2.2 Throwing
 + Level 5.1 Armour
 + Level 5.1 Dodging
 + Level 2.2 Stealth
 + Level 2.2 Shields
 + Level 2.2 Unarmed Combat
 + Level 2.2 Spellcasting
 + Level 1.8 Conjurations
 + Level 1.8 Hexes
 + Level 1.8 Summonings
 + Level 1.8 Necromancy
 + Level 1.8 Translocations
 + Level 1.8 Transmutations
 + Level 1.8 Fire Magic
 + Level 1.8 Ice Magic
 + Level 1.8 Air Magic
 + Level 1.8 Earth Magic
 + Level 1.8 Poison Magic
 + Level 2.5 Invocations
 + Level 2.2 Evocations


You had 10 spell levels left.
You didn't know any spells.
Your spell library was empty.

Dungeon Overview and Level Annotations

Branches:
Dungeon (4/15)
 Temple: D:4-7

Altars:
Yredelemnul

Shops:
D:1 *   D:4 ?!

Annotations:
D:4 Pikel


Innate Abilities, Weirdness & Mutations

You have very sharp teeth.
Your uncanny sense of smell can sniff out nearby items.
Your experience applies equally to all skills.


Message History

The gnoll hits you but does no damage. x2; The lemure hits you.
The gnoll hits you but does no damage.
You slash the gnoll!
The gnoll is severely wounded.
You slash the lemure! You hit the lemure. You hit the gnoll shaman.
The gnoll hits you from afar with a +0 spear.
You block the lemure's attack. The gnoll hits you with a +0 club.
* * * LOW HITPOINT WARNING * * *
You block the gnoll shaman's attack. You block the gnoll's attack.
You block the lemure's attack. You block the gnoll's attack.
You barely miss the lemure.
The lemure is heavily wounded.
You closely miss the lemure. You slash the gnoll shaman! You hit the gnoll.
You kill the gnoll!
Trog accepts your kill. The lemure hits you.
* * * LOW HITPOINT WARNING * * *
The gnoll shaman hits you with a +0 whip.
* * * LOW HITPOINT WARNING * * *
A gnoll comes into view. It is wielding a +0 spear.
The lemure hits you but does no damage. You block the gnoll's attack.
A gnoll shaman comes into view. It is wielding a +0 club.
The gnoll hits you from afar with a +0 spear.
* * * LOW HITPOINT WARNING * * *
Pikel barely misses you. You block the lemure's attack.
The gnoll shaman hits you with a +0 whip.
* * * LOW HITPOINT WARNING * * *
The lemure hits you.
* * * LOW HITPOINT WARNING * * *
You block the gnoll's attack. The gnoll hits you with a +0 spear.
* * * LOW HITPOINT WARNING * * *
You see here a +0 club.
You slash Pikel!
Pikel is moderately wounded.
You hit the gnoll. You hit the gnoll shaman. You barely miss the lemure.
You closely miss the lemure. You hit the gnoll. You slash the lemure!
The gnoll hits you with a +0 spear.
* * * LOW HITPOINT WARNING * * *
Pikel zaps a wand.
Your mind is blasted!
You die...

.....####.... .###
#....#....## .
...#####.#........#
..##.....#...#...##)##
............##†.:....###
.........#.............?
........)..##.......).##
#......g5.............#
.....5g@5..†..#........#
......K5g.....#......#..
....##.S#.....#.........
... ....(.....#......#..
.. ..#.....$..#######...
.g##.g......# ## #.
#......### . ........


You could see Pikel, 4 lemures, 2 gnoll shamans, 3 gnolls and an adder.

Vanquished Creatures
  Duvessa (D:4)
  Pargi (D:4)
  Dowan (D:4)
  A scorpion zombie (D:3)
  2 orc wizards (D:3)
  3 gnolls (D:4)
  3 adders (D:2)
  6 worms
  3 dart slugs
  8 orcs (D:3)
  6 ball pythons
  7 bats
  6 endoplasms
  4 giant cockroaches
  3 goblins
  4 hobgoblins
  3 jackals (D:2)
  2 quokkas
  3 frilled lizards
  A jackal zombie (D:3)
  10 kobolds
  4 rats
82 creatures vanquished.

Vanquished Creatures (others)
  4 fungi (D:3)
  4 toadstools (D:3)
8 creatures vanquished.

Grand Total: 90 creatures vanquished

Notes
Turn   | Place    | Note
-------+----------+-------------------------------------------
     0 | D:1      | thiscave3701365 the Gnoll Berserker began the quest for the
                  | Orb.
     0 | D:1      | Reached XP level 1. HP: 23/23 MP: 1/1
   127 | D:1      | Reached XP level 2. HP: 25/29 MP: 2/2
   255 | D:1      | Found Biypp's Assorted Antiques.
   533 | D:1      | Reached XP level 3. HP: 30/35 MP: 3/3
   691 | D:1      | Reached ** piety under Trog
   929 | D:2      | Reached skill level 1 in Invocations
  1129 | D:2      | Reached skill level 1 in Short Blades
  1129 | D:2      | Reached skill level 1 in Long Blades
  1129 | D:2      | Reached skill level 1 in Maces & Flails
  1129 | D:2      | Reached skill level 1 in Polearms
  1129 | D:2      | Reached skill level 1 in Staves
  1129 | D:2      | Reached skill level 1 in Slings
  1129 | D:2      | Reached skill level 1 in Bows
  1129 | D:2      | Reached skill level 1 in Crossbows
  1129 | D:2      | Reached skill level 1 in Throwing
  1129 | D:2      | Reached skill level 1 in Stealth
  1129 | D:2      | Reached skill level 1 in Shields
  1129 | D:2      | Reached skill level 1 in Unarmed Combat
  1129 | D:2      | Reached skill level 1 in Spellcasting
  1129 | D:2      | Reached skill level 1 in Evocations
  1258 | D:2      | Reached XP level 4. HP: 41/41 MP: 5/5
  2122 | D:2      | Reached skill level 1 in Conjurations
  2122 | D:2      | Reached skill level 1 in Hexes
  2122 | D:2      | Reached skill level 1 in Summonings
  2122 | D:2      | Reached skill level 1 in Necromancy
  2122 | D:2      | Reached skill level 1 in Translocations
  2122 | D:2      | Reached skill level 1 in Transmutations
  2122 | D:2      | Reached skill level 1 in Fire Magic
  2122 | D:2      | Reached skill level 1 in Ice Magic
  2122 | D:2      | Reached skill level 1 in Air Magic
  2122 | D:2      | Reached skill level 1 in Earth Magic
  2122 | D:2      | Reached skill level 1 in Poison Magic
  2327 | D:2      | Found a faded altar of an unknown god.
  2911 | D:3      | Reached XP level 5. HP: 46/47 MP: 6/6
  3210 | D:3      | Found a basalt altar of Yredelemnul.
  3430 | D:4      | Found Hocit's Distillery.
  3430 | D:4      | Found Duepyemi's Magic Scroll Emporium.
  3454 | D:4      | Noticed Duvessa
  3455 | D:4      | Noticed Dowan
  3456 | D:4      | Noticed Pargi
  3465 | D:4      | Killed Duvessa
  3466 | D:4      | Reached skill level 5 in Armour
  3466 | D:4      | Reached skill level 5 in Dodging
  3466 | D:4      | Reached XP level 6. HP: 51/53 MP: 8/8
  3467 | D:4      | Killed Pargi
  3470 | D:4      | Killed Dowan
  3471 | D:4      | Reached XP level 7. HP: 38/59 MP: 8/10
  3622 | D:4      | Noticed Pikel
  3630 | D:4      | Blown up by Pikel

Illustrated notes

Levels and vault maps discovered:
D:1:      onia_arrival_pyramid, layout_rooms, serial_shops,
          nicolae_shop_overgrown_old_shop, interstate_on_off,
          chequers_serial_rivers_room_a
D:2:      layout_basic, dilly_ecumenical_altar_fadedgnrine, roderic_lattice_a
D:3:      layout_loops_ring, lemuel_zombie_altar_yredelemnul,
          minmay_gold_behind_fungi, nicolae_concentric_dashed_squares_wild
D:4:      layout_rooms, pdpol_wu_jian_five_deadly_venoms,
          minmay_shop_grid_forest, minmay_shop_enchanted_jewellery,
          uniq_duvessa, uniq_pikel, uniq_crazy_yiuf_cottage, uniq_pargi,
          uniq_edmund, uniq_grinder

Skill      XL: |  1  2  3  4  5  6 |
---------------+-------------------+-----
Invocations    | 1 2 |  2.5
Short Blades   | 1 2 |  2.2
Long Blades    | 1 2 |  2.2
Maces & Flails | 1 2 |  2.2
Polearms       | 1 2 |  2.2
Staves         | 1 2 |  2.2
Slings         | 1 2 |  2.2
Bows           | 1 2 |  2.2
Crossbows      | 1 2 |  2.2
Throwing       | 1 2 |  2.2
Stealth        | 1 2 |  2.2
Shields        | 1 2 |  2.2
Unarmed Combat | 1 2 |  2.2
Spellcasting   | 1 2 |  2.2
Evocations     | 1 2 |  2.2
Conjurations   | 1 |  1.8
Hexes          | 1 |  1.8
Summonings     | 1 |  1.8
Necromancy     | 1 |  1.8
Translocations | 1 |  1.8
Transmutations | 1 |  1.8
Fire Magic     | 1 |  1.8
Ice Magic      | 1 |  1.8
Air Magic      | 1 |  1.8
Earth Magic    | 1 |  1.8
Poison Magic   | 1 |  1.8
Armour         | 5 |  5.1
Dodging        | 5 |  5.1
Fighting       | |  6.9
Axes           | |  6.9

Action                   |  1- 3 |  4- 6 |  7- 9 || total
-------------------------+-------+-------+-------++-------
Melee: Hand axe          |   102 |   115 |    26 ||   243
       Bite              |     9 |    17 |     3 ||    29
Invok: Berserk           |     2 |     6 |     1 ||     9
Armor: Animal skin       |    17 |     4 |       ||    21
       Chain mail        |       |    43 |    16 ||    59
Dodge: Dodged            |    71 |    20 |     5 ||    96
Block: Tower shield      |       |    48 |    28 ||    76

Table legend: (Time is in decaauts)
 A = Elapsed time spent in this place.
 B = Non-inter-level travel time spent in this place.
 C = Inter-level travel time spent in this place.
 D = Time resting spent in this place.
 E = Time spent auto-exploring this place.
 F = Levels seen in this place.
 G = Mean time per level.
                   A        B        C        D        E       F      G
               +--------+--------+--------+--------+--------+-----+--------+
         Total |   3740 |   3597 |    143 |    781 |   2275 |   4 |  935.0 |
       Dungeon |   3740 |   3597 |    143 |    781 |   2275 |   4 |  935.0 |
               +--------+--------+--------+--------+--------+-----+--------+

Top non-repeatable levels by time:
     D:2: 1583 daAuts
     D:3: 1058 daAuts
     D:1: 880 daAuts
     D:4: 218 daAuts
